 Dungeon Crawl Stone Soup version 0.29.1-1-gd02db6906a (webtiles) character file.

Game seed: 16041210877435551486

294 safid the Skirmisher (level 6, -8/51 HPs)
             Began as a Minotaur Hunter on Oct 4, 2022.
             Mangled by an iguana (12 damage)
             ... on level 4 of the Dungeon.
             The game lasted 00:03:55 (2803 turns).

safid the Skirmisher (Minotaur Hunter)              Turns: 2803, Time: 00:03:56

Health: -8/51      AC:  4    Str: 15    XL:     6   Next: 11%
Magic:  5/5        EV: 12    Int:  6    God:
Gold:   166        SH:  0    Dex: 16    Spells: 5/5 levels left

rFire   . . .      SeeInvis .   a - +0 shortbow
rCold   . . .      Faith    .   (shield currently unavailable)
rNeg    . . .      Spirit   .   c - +0 leather armour
rPois   .          Reflect  .   (helmet restricted)
rElec   .          Harm     .   (no cloak)
rCorr   .          Rampage  .   j - +0 pair of gloves
Will    .....                   (no boots)
Stlth   +.........              (no amulet)
HPRegen 0.17/turn               (no ring)
MPRegen 0.09/turn               (no ring)

@: no status effects
A: horns 2, retaliatory headbutt
a: no special abilities


You were on level 4 of the Dungeon.
You visited 1 branch of the dungeon, and saw 4 of its levels.

You collected 166 gold pieces.

Inventory:

Hand Weapons
 a - a +0 shortbow (weapon)
Missiles
 q - 3 javelins
Armour
 c - a +0 leather armour (worn)
 j - a +0 pair of gloves (worn)
Jewellery
 k - a ring of magical power
 l - a ring of positive energy
 n - a +6 ring of dexterity
 y - a +6 ring of strength
 B - a ring of see invisible
Wands
 u - a wand of polymorph (2)
 w - a wand of digging (3)
Scrolls
 b - a scroll of immolation
 d - a scroll of torment {unknown}
 g - a scroll of amnesia {unknown}
 h - 5 scrolls of identify {unknown}
 i - a scroll of enchant weapon {unknown}
 o - 3 scrolls of teleportation {unknown}
 p - a scroll of fear {unknown}
 A - a scroll of poison {unknown}
Potions
 e - 2 potions of haste {unknown}
 f - a potion of brilliance {unknown}
 m - a potion of degeneration {unknown}
 r - a potion of resistance {unknown}
 s - 4 potions of lignification {unknown}
 t - a potion of attraction {unknown}
 v - 2 potions of flight {unknown}
 x - a potion of might {unknown}
 z - 2 potions of curing {unknown}


   Skills:
 - Level 3.0 Fighting
 + Level 8.0 Ranged Weapons
 - Level 2.1 Dodging
 - Level 0.7 Stealth


You had 5 spell levels left.
You didn't know any spells.
Your spell library contained the following spells:

 Spells                   Type           Power      Damage    Failure   Level
 Stone Arrow              Conj/Erth      0%         3d7       88%         3
 Animate Armour           Summ/Erth      0%         N/A       99%         4
 Passage of Golubria      Tloc           0%         N/A       99%         4
 Silence                  Hex/Air        0%         N/A       100%        5
 Lehudib's Crystal Spear  Conj/Erth      0%         10d2      100%        8


Dungeon Overview and Level Annotations

Branches:
Dungeon (4/15)
 Temple: D:4-7

Altars:


Innate Abilities, Weirdness & Mutations

You have a pair of horns on your head.
You reflexively headbutt those who attack you in melee.


Message History

The iguana is heavily wounded.
The iguana closely misses you.
You shoot an arrow.
The arrow hits the iguana but does no damage.
The iguana is heavily wounded.
The iguana bites you.
You shoot an arrow. The arrow hits the iguana.
The iguana is heavily wounded.
The iguana barely misses you.
You shoot an arrow.
The arrow hits the iguana but does no damage.
The iguana is heavily wounded.
The iguana closely misses you. You furiously retaliate!
You headbutt the iguana, but do no damage.
You shoot an arrow. The arrow barely misses the iguana.
The iguana bites you!
Unknown command.
You are too injured to fight recklessly!
You are too injured to fight recklessly!
You are too injured to fight recklessly!
Unknown command.
Fire: a) +0 shortbow
Press: ? - help, Q - select action, (/) - cycle Shift-Dir - straight line, f/p - iguana
Aim: an iguana (heavily wounded, 69% to hit)
You shoot an arrow. The arrow closely misses the iguana.
The iguana bites you.
* * * LOW HITPOINT WARNING * * *
Fire: a) +0 shortbow
Press: ? - help, Q - select action, (/) - cycle Shift-Dir - straight line, f/p - iguana
Aim: an iguana (heavily wounded, 69% to hit)
You shoot an arrow. The arrow closely misses the iguana.
The iguana bites you!
* * * LOW HITPOINT WARNING * * *
The iguana closely misses you.
Unknown command.
Fire: a) +0 shortbow
Press: ? - help, Q - select action, (/) - cycle Shift-Dir - straight line, f/p - iguana
Aim: an iguana (heavily wounded, 69% to hit)
You shoot an arrow. The arrow completely misses the iguana.
The iguana bites you!
You die...

#.# #.#
#.# #.##
... #.#
####l#
#...@#
#.######
#......#
######.#
#.#####.#
#.
#.......#
#.
#..######
##.##
#..#
#.>.#
#..#
###...##


You could see an iguana.

Vanquished Creatures
  A black bear (D:4)
  Natasha (thrice) (D:2)
  An iguana (D:4)
  Ijyb (D:3)
  An adder (D:2)
  A dart slug (D:1)
  4 orcs (D:3)
  7 endoplasms
  A giant cockroach (D:4)
  7 hobgoblins
  3 quokkas
  4 ball pythons (D:1)
  8 bats
  3 frilled lizards
  9 goblins
  9 kobolds
  3 rats
66 creatures vanquished.

Notes
Turn   | Place    | Note
-------+----------+-------------------------------------------
     0 | D:1      | safid the Minotaur Hunter began the quest for the Orb.
     0 | D:1      | Reached XP level 1. HP: 18/18 MP: 0/0
    73 | D:1      | Reached XP level 2. HP: 26/26 MP: 1/1
   330 | D:1      | Reached skill level 5 in Ranged Weapons
   606 | D:1      | Reached XP level 3. HP: 31/31 MP: 2/2
   865 | D:2      | Noticed Natasha
   873 | D:2      | Killed Natasha
   951 | D:2      | Noticed Natasha
   957 | D:2      | Reached XP level 4. HP: 38/38 MP: 3/3
   958 | D:2      | Reached skill level 6 in Ranged Weapons
   967 | D:2      | Killed Natasha
  1288 | D:2      | Noticed Natasha
  1294 | D:2      | Killed Natasha
  1629 | D:3      | Noticed Ijyb
  1636 | D:3      | Killed Ijyb
  1637 | D:3      | Reached skill level 7 in Ranged Weapons
  1637 | D:3      | Reached XP level 5. HP: 37/45 MP: 4/4
  2321 | D:3      | Found a faded altar of an unknown god.
  2787 | D:4      | Noticed a black bear
  2795 | D:4      | Killed a black bear
  2796 | D:4      | Reached skill level 8 in Ranged Weapons
  2796 | D:4      | Reached XP level 6. HP: 34/51 MP: 5/5
  2803 | D:4      | Mangled by an iguana

Illustrated notes

Levels and vault maps discovered:
D:1:      roderic_dead_forest, layout_basic
D:2:      layout_basic, uniq_natasha
D:3:      wad_pebble_path, layout_basic,
          shapermc_ecumenical_altar_mp_urbaneastern, palyth_stone_intersect,
          uniq_ijyb
D:4:      dreamdust_elfheim, layout_loops_ring, mainiacjoe_overflow_alcove_1,
          mainiacjoe_overflow_tiny_flanked, trog_ov_bears_minmay, serial_shops,
          shop, uniq_blork_the_orc

Skill      XL: |  1  2  3  4  5 |
---------------+----------------+-----
Fighting       | 3 |  3.0
Ranged Weapons | 5 7 8 |  8.0
Dodging        | |  2.1
Stealth        | |  0.7

Action                   |  1- 3 |  4- 6 || total
-------------------------+-------+-------++-------
 Fire: Shortbow          |    93 |   120 ||   213
Armor: Leather armour    |     8 |    10 ||    18
       Skin              |       |    13 ||    13
Dodge: Dodged            |    13 |    37 ||    50
